 Dungeon Crawl Stone Soup version 0.22.1-6-g1668fe2 (webtiles) character file.

194 Fang the Chopper (level 5, -16/49 HPs)
             Began as a Gargoyle Berserker on Feb 5, 2019.
             Was a Priest of Trog.
             Demolished by an ogre
             ... wielding a +0 giant club
              (26 damage)
             ... on level 4 of the Dungeon.
             The game lasted 00:04:17 (2667 turns).

Fang the Chopper (Gargoyle Berserker)               Turns: 2667, Time: 00:04:18

Health: -16/49     AC: 13    Str: 27    XL:     5   Next: 73%
Magic:  5/5        EV:  7    Int:  7    God:    Trog [***...]
Gold:   187        SH:  0    Dex:  9    Spells: 4/4 levels left

rFire    . . .     SeeInvis .   a - +0 hand axe
rCold    . . .     Gourm    .   (no shield)
rNeg     + . .     Faith    .   i - +0 plate armour
rPois    ∞         Spirit   .   k - +1 hat
rElec    +         Reflect  .   (no cloak)
rCorr    .         Harm     .   (no gloves)
MR       .....                  (no boots)
Stlth    ..........             (no amulet)
HPRegen  0.16/turn              e - ring of stealth
MPRegen  0.09/turn              u - -3 ring of protection (curse)

@: berserking, very quick
A: negative energy resistance 1, electricity resistance, unbreathing,
petrification resistance, rot immunity, AC +4
a: Berserk, Trog's Hand, Renounce Religion


You were on level 4 of the Dungeon.
You worshipped Trog.
Trog was most pleased with you.
You were near starving.

You visited 1 branch of the dungeon, and saw 4 of its levels.

You collected 187 gold pieces.

Inventory:

Hand Weapons
 a - a +0 hand axe (weapon)
Armour
 i - a +0 plate armour (worn)
 k - a +1 hat (worn)
Jewellery
 e - a ring of stealth (left hand)
 u - a cursed -3 ring of protection (right hand)
Scrolls
 b - 7 scrolls of remove curse {unknown}
 d - a scroll of magic mapping {unknown}
 f - a scroll of fear {unknown}
 g - 2 scrolls of identify {unknown}
 l - a scroll of blinking {unknown}
 o - a scroll of amnesia {unknown}
 p - 2 scrolls of teleportation {unknown}
 q - 2 scrolls of enchant armour {unknown}
Potions
 h - a potion of agility {unknown}
 j - 2 potions of brilliance {unknown}
 m - a potion of lignification {unknown}
 n - a potion of invisibility {unknown}
 s - a potion of resistance {unknown}
 t - a potion of curing {unknown}
Comestibles
 c - 7 rations


   Skills:
 + Level 4.1 Fighting
 + Level 4.8 Axes
 + Level 2.8 Armour
 + Level 1.9 Dodging


You had 4 spell levels left.
You didn't know any spells.
Your spell library was empty.

Dungeon Overview and Level Annotations

Branches:
Dungeon (4/15)
 Temple: D:4-7

Altars:
Ashenzari


Innate Abilities, Weirdness & Mutations

You are resistant to torment.
Your stone body is resilient. (AC +4)
You are immune to poison.
You resist negative energy. (rN+)
You are resistant to electric shocks. (rElec)
You can survive without breathing.
You are immune to petrification.
You are immune to rotting.


Message History

You are too injured to fight recklessly!
You are too injured to fight recklessly!
You are too injured to fight recklessly!
You are too injured to fight recklessly!
You are too injured to fight recklessly!
You are too injured to fight recklessly!
You are too injured to fight recklessly!
You are too injured to fight recklessly!
You are too injured to fight recklessly!
You are too injured to fight recklessly!
You are too injured to fight recklessly!
You are too injured to fight recklessly!
A red film seems to cover your vision as you go berserk!
You feel yourself moving faster!
You feel mighty!
You are near starving!
The hound bites you.
* * * LOW HITPOINT WARNING * * *
The ogre hits you with a giant club!!
Ouch! That really hurt!
You die...

#.................
#.................
#...............$
#..###...###...#
#.. #...# ...#
#..###...###...###.
..................
..........O.......
..........@h......
..###...###...###.
.. #...# ...# #...#
...# ...... .....
...... ...... ....
....... ...###.


You could see an ogre and a hound.

Vanquished Creatures
  An orc wizard (D:3)
  3 gnolls (D:3)
  3 adders
  An ooze (D:3)
  A worm (D:3)
  5 dart slugs
  A leopard gecko (D:4)
  7 orcs (D:3)
  9 bats
  3 giant cockroaches
  5 goblins
  9 hobgoblins
  9 jackals
  3 quokkas (D:2)
  3 ball pythons
  3 frilled lizards (D:2)
  6 kobolds
  9 rats
81 creatures vanquished.

Notes
Turn   | Place    | Note
-------+----------+-------------------------------------------
     0 | D:1      | Fang the Gargoyle Berserker began the quest for the Orb.
     0 | D:1      | Reached XP level 1. HP: 14/14 MP: 1/1
   139 | D:1      | Reached XP level 2. HP: 19/19 MP: 2/2
   346 | D:1      | Reached XP level 3. HP: 23/24 MP: 3/3
   806 | D:2      | Reached ** piety under Trog
  1352 | D:2      | Reached XP level 4. HP: 20/29 MP: 4/4
  1759 | D:3      | Reached XP level 5. HP: 33/33 MP: 5/5
  1795 | D:3      | Found a shattered altar of Ashenzari.
  1894 | D:3      | Reached *** piety under Trog
  2657 | D:4      | Noticed an ogre
  2667 | D:4      | Demolished by an ogre

Skill      XL: |  1  2  3  4  5 |
---------------+----------------+-----
Axes           | 3 4 |  4.8
Fighting       | 4 |  4.1
Armour         | |  2.8
Dodging        | |  1.9

Action                   |  1- 3 |  4- 6 || total
-------------------------+-------+-------++-------
Melee: Hand axe          |   126 |   152 ||   278
Invok: Berserk           |       |     1 ||     1
  Eat: Chunk             |     1 |     4 ||     5
Armor: Animal skin       |    24 |       ||    24
       Plate armour      |    68 |   113 ||   181
Dodge: Dodged            |    76 |    57 ||   133
